Cogmind - Beta 14 X2 @@@ ROGUE MODE // 2024.08.02 @ 23:32:09 Player: Boris Result: Destroyed by S-27 Virus with Autogun Performance ------------- Evolutions (6) 3000 Regions Visited (11) 2200 Robots Destroyed (202) 1010 Value Destroyed (9857) 9857 Prototype IDs (47) 940 Alien Tech Used (0) 0 Bonus (8846) 8846 TOTAL SCORE: 25853 Bonus ------- Triggered High Security 500 High Alert Combat Kills 3533 Follower Combat Kills 1477 Delivered SUBCON Basin 2000 Registered with UFD 300 Met Warlord at Base 500 MAIN.C Attacked Warlord 500 Warlord Defense Kills 1394 Friendly Fire -1358 Cogmind --------- Core Integrity 0/1150 Matter 280/300 Energy 99/100 System Corruption 43% Temperature Hot (279) Movement Core (50) Location -4/Armory Parts ------- > --- POWER (2) -------- (None) > --- PROPULSION (4) --- (None) > --- UTILITY (8) ------ (None) > --- WEAPON (5) ------- (None) > --- INVENTORY (5) ---- Improved Heavy Treads Overtuned Huge Scrapsphere Heavy Laser Peak State ------------ > --- POWER ------------ Vortex Chain Reactor > --- PROPULSION ------- Overtuned Huge Scrapsphere Overtuned Huge Scrapsphere > --- UTILITY ---------- Scrap Suit Advanced Coolant Injector High-capacity Storage Unit Improved Energy Mantle Improved Hacking Suite Ghost Barrier A0-MCA's Component Scanner > --- WEAPON ----------- Plasma Storm > --- INVENTORY -------- Light Quantum Reactor Improved Quantum Reactor Improved Cooling System Improved Coolant Injector Matter Compressor Experimental Optical Array Experimental Target Analyzer Experimental Core Analyzer Advanced Transmission Jammer Makeshift Ablative Armor Advanced Trap Extractor Mapping Drone Bay Minesniffer Drone Bay Overtuned Beamcaster Overtuned Beamcaster Long-range Proton Cannon Coil Gun Improved Proton Missile Launcher Multitool [Rating: 144] Favorites ----------- Power Ion Engine Engine Ion Engine Power Core Neutrino Core Reactor Vortex Chain Reactor Propulsion Light Treads Treads Light Treads Leg Advanced VSS Leg Wheel Overtuned Huge Scrapsphere Utility High-capacity Storage Unit Device Seismic Detector Storage High-capacity Storage Unit Processor A0-MCA's Component Scanner Hackware Ghost Barrier Protection Layered Medium Armor Plating Weapon EM Shotgun Energy Gun EM Shotgun Energy Cannon Subdweller Beam Cannon Ballistic Gun Coil Gun Ballistic Cannon Advanced Assault Cannon Launcher Improved Proton Missile Launcher Special Weapon Multitool Slashing Weapon Mining Claw Build | -11 -10 -10 -7 -7 -5 -5 -5 -5 -4 -4 -4 ------- Run | Yrd Mat Sub Rec Scr Fac Upp Upp War Pro Fac Arm Slots Evolved 12 | . . . . . 10 . . . . 2 . Power 1 | . . . . . 1 . . . . . . Propulsion 2 | . . . . . 2 . . . . . . Utility 6 | . . . . . 6 . . . . . . Weapon 3 | . . . . . 1 . . . . 2 . Parts Attached 342 | 7 29 44 9 17 50 9 20 11 12 34 100 Power 29 | 1 1 . . 4 4 . 3 1 2 2 11 Engine 11 | 1 1 . . 4 3 . 1 . . . 1 Core 7 | . . . . . 1 . 2 . . 1 3 Reactor 11 | . . . . . . . . 1 2 1 7 Propulsion 29 | 2 3 2 . 6 3 . . . 1 . 12 Treads 17 | 1 3 2 . 3 . . . . . . 8 Leg 2 | . . . . . . . . . . . 2 Wheel 10 | 1 . . . 3 3 . . . 1 . 2 Hover . | . . . . . . . . . . . . Flight . | . . . . . . . . . . . . Utility 164 | 2 12 33 3 3 23 3 13 5 5 21 41 Device 120 | 1 10 17 . 2 18 3 9 5 5 16 34 Storage 7 | 1 2 1 2 . . . 1 . . . . Processor 5 | . . . . . 4 . . . . . 1 Hackware 4 | . . . . . 1 . . . . 2 1 Protection 28 | . . 15 1 1 . . 3 . . 3 5 Artifact . | . . . . . . . . . . . . Weapon 120 | 2 13 9 6 4 20 6 4 5 4 11 36 Energy Gun 54 | 1 2 6 5 2 6 2 3 . 3 9 15 Energy Cannon 13 | . 5 1 . 1 1 . 1 . . . 4 Ballistic Gun 28 | 1 . . 1 . 6 2 . 2 . 1 15 Ballistic Cannon 1 | . . . . 1 . . . . . . . Launcher 10 | . 2 . . . 2 2 . 2 1 . 1 Special Weapon 6 | . . 2 . . 1 . . 1 . 1 1 Impact Weapon . | . . . . . . . . . . . . Slashing Weapon 8 | . 4 . . . 4 . . . . . . Piercing Weapon . | . . . . . . . . . . . . Special Melee Weapon . | . . . . . . . . . . . . Unidentified Prototypes 2 | . . . . . 2 . . . . . . Corrupted Parts 12 | . . . . 4 2 . . . 1 . 5 System Corruption 73 | . . . . 30 13 . . . 7 . 23 Parts Lost 59 | . . 2 2 . 5 1 2 . . 2 45 Power 11 | . . . . . 1 . . . . 1 9 Propulsion 4 | . . . . . . . . . . . 4 Utility 20 | . . . . . 2 1 2 . . 1 14 Weapon 24 | . . 2 2 . 2 . . . . . 18 Highest Loss Streak 15 | . . 1 1 . 2 1 1 . . 2 15 To Critical Strikes 2 | . . . . . . . . . . . 2 Average Slot Usage (%) 87 | . 99 97 99 84 81 81 80 74 73 57 81 Engine 10 | . 14 14 14 14 5 11 7 2 . . . Reactor 1 | . . . . . . . . 2 4 5 5 Treads 16 | . 26 28 28 23 . . . . . . 2 Wheel 5 | . . . . 4 14 11 11 11 11 10 6 Device 16 | . 14 19 8 14 18 22 19 15 20 16 15 Storage 7 | . 14 1 14 14 5 5 5 5 5 5 5 Processor 3 | . . . . . 11 11 11 11 11 7 5 Hackware 1 | . . . . . 3 . . . . 5 8 Protection 1 | . . 4 5 . . . 1 2 . . . Energy Gun 11 | . 7 19 19 10 7 6 6 6 5 5 9 Energy Cannon 3 | . 13 7 3 1 3 . . . . . 1 Ballistic Gun 2 | . . . . . 1 2 9 5 5 . 11 Naked Turns 1 | . . . . . . . . . . . 1 Heaviest Build 129 | 14 34 36 59 68 94 89 111 123 123 129 116 Greatest Support 150 | 20 40 40 40 46 48 40 40 40 40 40 150 Greatest Overweight (x) 22 | . . . 1 22 5 2 2 3 3 3 5 Average Overweight (x) 1 | . . . . 1 1 2 2 2 2 2 2 Largest Inventory Capacity 20 | 8 15 15 20 20 20 20 20 20 20 20 20 Average Capacity 16 | 7 9 5 19 20 20 20 20 20 20 20 19 Most Carried 20 | 5 12 15 18 20 20 20 20 20 20 20 20 Average Carried 14 | 2 8 5 11 19 19 19 19 19 19 19 18 Final Capacity 20 | 8 15 15 20 20 20 20 20 20 20 20 5 Final Carried 20 | 5 12 15 17 20 20 20 20 20 20 19 5 Class Distribution -------------------- 51% | Mutant 20% | Scavenger-Scrapper 11% | Scavenger-Mutant 3% | Scavenger-Gunner 3% | Derelict-Scrapper Dominant Class ---------------- Mutant | -10/Materials Mutant | -10/Subcaves Mutant | -7/Recycling Mutant | -7/Scraptown Derelict-Scrapper | -5/Factory Scavenger-Scrapper | -5/Upper Caves Scavenger-Scrapper | -5/Upper Caves Scavenger-Scrapper | -5/Warlord Scavenger-Scrapper | -4/Proximity Caves Hacker-Scrapper | -4/Factory Scavenger-Scrapper | -4/Armory Resources | -11 -10 -10 -7 -7 -5 -5 -5 -5 -4 -4 -4 ----------- Run | Yrd Mat Sub Rec Scr Fac Upp Upp War Pro Fac Arm Matter Collected 7516 | 278 342 360 196 170 676 479 423 692 769 352 2779 Remotely . | . . . . . . . . . . . . Salvage Created 12409 | 113 930 266 1123 . 1969 577 312 681 554 1767 4117 Parts 451 | 4 60 15 29 . 71 15 11 22 10 62 152 Haulers Intercepted 5 | . 1 . . . 4 . . . . . . Recyclers Shooed 6 | . 3 . 2 . 1 . . . . . . Parts Field Recycled . | . . . . . . . . . . . . Retrieved Matter . | . . . . . . . . . . . . Parts Self-Destructed 38 | . . 11 . . . 3 3 . 21 . . Prevented 2 | . . . . . . . . . 2 . . Kills | -11 -10 -10 -7 -7 -5 -5 -5 -5 -4 -4 -4 ------- Run | Yrd Mat Sub Rec Scr Fac Upp Upp War Pro Fac Arm Combat Hostiles Destroyed 152 | . 13 6 3 . 19 1 5 11 6 25 63 Guns 77 | . 4 . 2 . 9 1 4 . 4 5 48 Cannons 16 | . 8 6 . . . . . . . . 2 AOE 40 | . . . . . 6 . . 8 . 18 8 Classes Destroyed 26 | 2 6 2 1 . 6 1 2 2 . 3 1 Worker 2 | . . . . . 1 . . . . 1 . Builder 4 | . 1 . . . . . . . . 3 . Tunneler 5 | 1 3 . . . 1 . . . . . . Hauler 5 | . 1 . . . 4 . . . . . . Recycler 19 | 1 4 . 11 . 3 . . . . . . Mechanic 1 | . . . . . . . . . . 1 . Operator 3 | . 2 . . . . . . . . 1 . Drone 1 | . . . . . . . . . . 1 . Turret 2 | . . 2 . . . . . . . . . Watcher 4 | . 1 . . . . . . . . . 3 Swarmer 12 | . 3 . . . 4 . . 1 . 4 . Saboteur 6 | . . . . . . . . . . 1 5 Grunt 58 | . 10 . . . 5 . 2 4 6 7 24 Brawler 3 | . . . . . 1 . . 1 . . 1 Duelist 4 | . . . . . . . . 1 . . 3 Sentry 17 | . . . 3 . 1 . 1 . . 6 6 Demolisher 1 | . . . . . . . . . . . 1 Specialist 6 | . . . . . 1 . . . . . 5 Hunter 16 | . . . . . 6 1 . 3 . 2 4 Programmer 18 | . . . . . . . 1 . . 4 13 Behemoth 3 | . . . . . 1 . . . . 1 1 Executioner 1 | . . . . . . . . 1 . . . Subdweller 6 | . . 6 . . . . . . . . . Scrapoid 5 | . . . . . 2 . . . 1 . 2 Samaritan 4 | . . . . . . 4 . . . . . Mutant 1 | . . . . . . . 1 . . . . Best Kill Streak 11 | 2 5 2 6 . 6 1 3 6 3 11 11 Combat Bots Only 11 | . 3 2 1 . 5 1 3 6 3 10 11 Max Kills in Single Turn 4 | 1 1 1 1 . 2 1 1 3 2 4 3 Gunslinging 1 | . . . . . . . . . . . 1 Exploded 4 | . . . . . 2 . . 3 . 4 3 Melee . | . . . . . . . . . . . . Uniques/NPCs Destroyed . | . . . . . . . . . . . . Combat | -11 -10 -10 -7 -7 -5 -5 -5 -5 -4 -4 -4 -------- Run | Yrd Mat Sub Rec Scr Fac Upp Upp War Pro Fac Arm Hostile Shots Fired 1158 | . 38 50 45 . 165 12 45 . 6 97 700 Missed 339 | . 6 25 27 . 51 3 6 . 3 20 198 Damage Taken 15245 | . 397 332 194 . 1919 156 842 26 31 1946 9402 Core 1753 | . 69 55 48 . 231 42 135 . 11 196 966 Absorbed by Shields 811 | . 9 . . . . . . 26 31 745 . Reduced by Siege Mode 278 | . . . . . . . . . . . 278 Regen/Repaired (Parts) 1165 | . 120 . . . 389 50 33 98 8 68 399 Core Remaining (%) 63 | 100 . . . 31 . . . . 58 . . Volleys Fired 565 | 8 48 86 38 . 83 19 22 13 38 43 167 Largest 5 | 2 2 2 2 . 3 3 3 3 3 3 5 Hottest 395 | 70 136 140 90 . 255 210 211 116 230 300 395 Shots Fired 1268 | 16 89 125 64 . 179 29 51 20 60 75 560 Gun 1071 | 16 42 73 64 . 127 23 48 10 58 75 535 Cannon 155 | . 40 52 . . 39 . 3 . . . 21 Launcher 42 | . 7 . . . 13 6 . 10 2 . 4 Special . | . . . . . . . . . . . . Kinetic 417 | 8 9 . 4 . 39 4 31 2 27 12 281 Thermal 665 | 8 73 71 . . 125 19 17 8 31 63 250 Explosive 11 | . 7 . . . . . . . . . 4 Electromagnetic 175 | . . 54 60 . 15 6 3 10 2 . 25 Robot Hit Streak 31 | 2 7 6 18 . 9 6 9 4 14 13 31 Robot Miss Streak 9 | 2 3 5 2 . 6 4 3 2 3 4 9 Penetration Max 2 | . . . . . 2 . . 1 . . 2 Secondary Targets 19 | . . . . . . . 2 . 1 2 14 Max Gunslinging Chain 1 | . . . . . . . 1 . 1 1 1 Shots Hit Robots 741 | 8 57 35 54 . 110 21 39 2 40 49 326 Core Hits 530 | 4 29 10 38 . 102 10 15 27 15 81 199 Critical Kills 10 | . . 1 . . 1 . . . . . 8 Critical Parts Destroyed 15 | . . . . . . . 2 . 1 . 12 Critical Strikes 60 | 1 2 1 . . 6 1 3 . 8 5 33 Burn 29 | 1 2 . . . 5 1 1 . 6 5 8 Meltdown 1 | . . 1 . . . . . . . . . Destroy 29 | . . . . . 1 . 2 . 2 . 24 Corrupt 1 | . . . . . . . . . . . 1 Melee Attacks 51 | . 34 . . . 10 7 . . . . . Impact . | . . . . . . . . . . . . Slashing 51 | . 34 . . . 10 7 . . . . . Piercing . | . . . . . . . . . . . . Sneak Attacks 16 | . 8 . . . 1 7 . . . . . Combat Hostiles . | . . . . . . . . . . . . Follow-up Attacks . | . . . . . . . . . . . . Damage Inflicted 27986 | 79 1245 589 900 . 3759 1100 908 2061 1135 5085 11125 Guns 15373 | 79 265 124 799 . 2296 231 798 40 985 1180 8576 Cannons 2193 | . 480 465 . . 644 . 110 . . . 494 Explosions 9293 | . . . 97 . 740 333 . 2021 150 3905 2047 Melee 1101 | . 486 . . . 79 536 . . . . . Ramming 26 | . 14 . 4 . . . . . . . 8 Kinetic 5957 | 40 34 . . . 713 34 475 40 442 262 3917 Thermal 15334 | 39 711 589 97 . 2209 239 323 588 543 4823 5173 Explosive 1482 | . . . . . . . . . . . 1482 Electromagnetic 4086 | . . . 799 . 758 291 110 1433 150 . 545 Impact . | . . . . . . . . . . . . Slashing 1101 | . 486 . . . 79 536 . . . . . Piercing . | . . . . . . . . . . . . Highest Corruption 43 | . . . . 11 17 17 20 20 7 6 43 Average Corruption 17 | . . . . 5 7 17 19 20 7 3 22 Corruption Purged 5 | . . . . . . . . . . . 5 Corruption Blocked . | . . . . . . . . . . . . Effects 237 | . . . . 1 37 29 32 1 1 8 128 Message Errors 43 | . . . . . 5 6 9 1 . 3 19 Matter Fused 47 | . . . . . 4 4 6 . 1 . 32 Heat Flow Errors 23 | . . . . . 5 4 4 . . 2 8 Energy Discharges 28 | . . . . 1 5 4 4 . . 1 13 Parts Rejected 4 | . . . . . 2 . . . . 1 1 Parts Fused 3 | . . . . . . 1 . . . . 2 Data Loss (minor) 24 | . . . . . 6 5 4 . . . 9 Data Loss (major) 8 | . . . . . . 2 1 . . 1 4 Misfires 6 | . . . . . 3 . 1 . . . 2 Alerts 4 | . . . . . 2 2 . . . . . Misdirections 7 | . . . . . 1 1 . . . . 5 Weapon Failures 40 | . . . . . 4 . 3 . . . 33 Overload Shots . | . . . . . . . . . . . . Overflow Damage 605 | . 87 . 18 . 44 354 . 39 . 33 30 Projectiles 59 | . 12 . . . 29 . . . . . 18 Explosions 158 | . . . 18 . 15 41 . 39 . 33 12 Melee 388 | . 75 . . . . 313 . . . . . Knockbacks . | . . . . . . . . . . . . Impact . | . . . . . . . . . . . . Kinetic . | . . . . . . . . . . . . Secondary . | . . . . . . . . . . . . Self-Inflicted Damage 952 | . . . 42 . . . . 28 . 716 166 Shots 38 | . . . 2 . . . . 1 . 31 4 Rammed 8 | . 6 . 1 . . . . . . . 1 Targets Rammed 8 | . 6 . 1 . . . . . . . 1 Kicked . | . . . . . . . . . . . . Crushed . | . . . . . . . . . . . . Highest Temperature 472 | 120 276 84 192 . 420 246 276 316 210 338 472 Average Temperature 98 | 62 70 24 79 . 77 98 114 124 88 128 114 Received Heat Transfer 2568 | . 174 138 48 . 216 . 198 . 4 133 1657 Effects 12 | . . . . . 1 . 2 . . 2 7 Shutdowns 4 | . . . . . 1 . . . . . 3 Energy Bleed 3 | . . . . . . . 1 . . 2 . Interference 4 | . . . . . . . 1 . . . 3 Matter Decay 1 | . . . . . . . . . . . 1 Siege Activations 6 | . . . . . . . . . . . 6 Total Turns 120 | . . . . . . . . . . . 120 Longest Duration 36 | . . . . . . . . . . . 36 Robots Corrupted 11 | . . . 1 . 2 1 1 3 . . 3 Combat Hostiles 9 | . . . 1 . 1 1 1 3 . . 2 Parts Fried 22 | . . . 5 . 5 1 2 4 1 . 4 Impact Corruptions . | . . . . . . . . . . . . Robots Melted 12 | . 1 1 . . 3 . . . 2 2 3 Combat Hostiles 11 | . 1 . . . 3 . . . 2 2 3 Parts Melted 78 | . 3 . . . 10 3 . . 9 29 24 Heat Transferred 26556 | 185 1642 779 150 . 3655 525 775 500 1511 7666 9168 Parts Sabotaged 2 | . . . . . 2 . . . . . . Parts Stolen . | . . . . . . . . . . . . Parts Stripped . | . . . . . . . . . . . . Power Chain Reactions 11 | . . . 3 . 2 1 . 5 . . . Alert | -11 -10 -10 -7 -7 -5 -5 -5 -5 -4 -4 -4 ------- Run | Yrd Mat Sub Rec Scr Fac Upp Upp War Pro Fac Arm Peak Influence 1727 | 10 146 . 152 . 740 . . . . 1186 1727 Initial 507 | . 6 . 40 . . . . . . 217 507 Average 429 | 4 66 . 54 . 276 . . . . 658 1041 Maximum Alert Level 5 | . . . . . 3 . . . . 4 5 Low Security (%) 52 | 100 100 . 100 . 42 . . . . . . Level 1 6 | . . . . . 33 . . . . 12 . Level 2 13 | . . . . . 19 . . . . 45 21 Level 3 14 | . . . . . 5 . . . . 35 35 Level 4 10 | . . . . . . . . . . 6 35 Level 5 . | . . . . . . . . . . . . High Security 1 | . . . . . . . . . . . 6 Max Security . | . . . . . . . . . . . . Squads Dispatched 35 | . 3 . . . 4 . . . 1 11 16 Investigation 6 | . 1 . . . 1 . . . . 2 2 Extermination 8 | . . . . . 1 . . . . 2 5 Reinforcement 8 | . 2 . . . 2 . . . . 2 2 Assault 10 | . . . . . . . . . 1 2 7 Garrison 3 | . . . . . . . . . . 3 . Intercept . | . . . . . . . . . . . . Searches Triggered . | . . . . . . . . . . . . Construction Impeded 3 | . . . . . 1 . . . . 2 . Haulers Reinforced . | . . . . . . . . . . . . Active Scanning Responses . | . . . . . . . . . . . . Cargo Convoy Interrupts 1 | . . . . . 1 . . . . . . Stealth | -11 -10 -10 -7 -7 -5 -5 -5 -5 -4 -4 -4 --------- Run | Yrd Mat Sub Rec Scr Fac Upp Upp War Pro Fac Arm Distress Signals 11 | . 1 . . . 3 . . 2 . 1 4 Communications Jammed 118 | . . . . . 30 . . . . . 88 Distress Signals 117 | . . . . . 29 . . . . . 88 Times Spotted 296 | . 21 21 3 . 48 1 6 21 15 39 121 Peak Tracking Total 26 | . 4 6 1 . 6 1 3 10 5 9 26 Tactical Retreats 11 | . 1 4 . . 2 . 1 . 1 . 2 Traps | -11 -10 -10 -7 -7 -5 -5 -5 -5 -4 -4 -4 ------- Run | Yrd Mat Sub Rec Scr Fac Upp Upp War Pro Fac Arm Traps Triggered 8 | . 2 2 . . . . . . . 2 2 Indirectly . | . . . . . . . . . . . . Trap Hack Attempts . | . . . . . . . . . . . . Triggered . | . . . . . . . . . . . . Disarmed . | . . . . . . . . . . . . Reprogrammed . | . . . . . . . . . . . . Reused 3 | . . . . . . . . . . . 3 Traps Extracted . | . . . . . . . . . . . . Installed 12 | . . . . . . . . . . . 12 Triggered 12 | . . . . . . 1 . 8 . . 3 Most Traps Carried 1 | . . . . . . . . . . . 1 Machines | -11 -10 -10 -7 -7 -5 -5 -5 -5 -4 -4 -4 ---------- Run | Yrd Mat Sub Rec Scr Fac Upp Upp War Pro Fac Arm Machines Disabled 34 | . . 1 1 . 6 . 1 3 1 4 17 Max in Single Turn 2 | . . 1 1 . 1 . 1 1 . 1 2 Garrison Access 3 | . . . . . 2 . . . . 1 . Machines Repaired . | . . . . . . . . . . . . Machines Dismantled 1 | . . . . . . . . 1 . . . Machines Sabotaged . | . . . . . . . . . . . . Overloaded Fab Kills . | . . . . . . . . . . . . Hacking | -11 -10 -10 -7 -7 -5 -5 -5 -5 -4 -4 -4 --------- Run | Yrd Mat Sub Rec Scr Fac Upp Upp War Pro Fac Arm Machines Accessed 49 | . 8 3 11 2 7 . 1 1 . 7 9 Terminals 24 | . 6 . 5 . 3 . . . . 3 7 Fabricators 1 | . . . . . . . . . . 1 . Repair Stations 4 | . 1 . . . 1 . . . . 1 1 Recycling Units 10 | . 1 . 6 . 1 . . . . 1 1 Scanalyzers . | . . . . . . . . . . . . Garrison Access 3 | . . . . . 2 . . . . 1 . Total Hacks 156 | . 32 8 32 6 24 . 1 1 . 20 32 Successful 99 | . 23 8 23 6 18 . 1 1 . 8 11 Failed 57 | . 9 . 9 . 6 . . . . 12 21 Catastrophic 8 | . 2 . 3 . 1 . . . . 1 1 Database Lockouts . | . . . . . . . . . . . . Manual 66 | . 18 . 22 . 11 . . . . 6 9 Terminals 84 | . 24 . 15 . 10 . . . . 8 27 Fabricators 3 | . . . . . . . . . . 3 . Repair Stations 18 | . 6 . . . 8 . . . . 2 2 Recycling Units 26 | . 2 . 17 . 2 . . . . 2 3 Scanalyzers . | . . . . . . . . . . . . Garrison Access 9 | . . . . . 4 . . . . 5 . Terminal Hacks 37 | . 9 8 2 6 3 . 1 1 . 2 5 Record 6 | . . 6 . . . . . . . . . Part Schematic 1 | . . . 1 . . . . . . . . Robot Schematic 1 | . . . 1 . . . . . . . . Robot Analysis 10 | . 5 . . 5 . . . . . . . Prototype ID Bank 1 | . 1 . . . . . . . . . . Open Door 4 | . . 1 . . . . 1 1 . . 1 Branch Access Points 2 | . . . . . 1 . . . . 1 . Terminal Index 1 | . 1 . . . . . . . . . . Repair Station Index 1 | . . . . . . . . . . . 1 Unreport Threat 2 | . . . . . 1 . . . . . 1 Locate Traps 1 | . . . . . . . . . . . 1 Hauler Manifests 1 | . . . . . 1 . . . . . . Zone Layout 4 | . 2 . . . . . . . . 1 1 Derelict Proto ID Bank 1 | . . . . 1 . . . . . . . Release Object 1 | . . 1 . . . . . . . . . Fabricator Hacks 1 | . . . . . . . . . . 1 . Network Status 1 | . . . . . . . . . . 1 . Repair Station Hacks 18 | . 6 . . . 8 . . . . 2 2 Scan Component 9 | . 3 . . . 4 . . . . 1 1 Repair 9 | . 3 . . . 4 . . . . 1 1 Recycling Unit Hacks 7 | . 2 . 3 . . . . . . 1 1 Retrieve Components 7 | . 2 . 3 . . . . . . 1 1 Scanalyzer . | . . . . . . . . . . . . Garrison Access Hacks 2 | . . . . . 2 . . . . . . Seal Access 2 | . . . . . 2 . . . . . . Unauthorized Hacks 34 | . 6 . 18 . 5 . . . . 2 3 Terminals 21 | . 6 . 8 . 4 . . . . 1 2 Track 1 | . . . . . . . . . . . 1 Botnet 5 | . . . 3 . . . . . . 1 1 Operators 2 | . 1 . . . 1 . . . . . . Skim 13 | . 5 . 5 . 3 . . . . . . Fabricators . | . . . . . . . . . . . . Repair Stations 3 | . . . . . 1 . . . . 1 1 Recycling Units 10 | . . . 10 . . . . . . . . Monitor 1 | . . . 1 . . . . . . . . Reject 1 | . . . 1 . . . . . . . . Recyclers 1 | . . . 1 . . . . . . . . Mask 1 | . . . 1 . . . . . . . . Tunnel 6 | . . . 6 . . . . . . . . Scrapoids 3 | . . . . . 1 . . . . 1 1 Scanalyzers . | . . . . . . . . . . . . Garrison Access . | . . . . . . . . . . . . Data Cores Recovered . | . . . . . . . . . . . . Used . | . . . . . . . . . . . . Hacking Detections 35 | . 6 . 10 . 6 . . . . 7 6 Full Trace Events 2 | . . . . . . . . . . 1 1 Feedback Events . | . . . . . . . . . . . . Feedback Blocked . | . . . . . . . . . . . . Robot Schematics Acquired 1 | . . . 1 . . . . . . . . Robots Built . | . . . . . . . . . . . . Authchips . | . . . . . . . . . . . . Time . | . . . . . . . . . . . . Total Robot Build Rating . | . . . . . . . . . . . . Part Schematics Acquired 1 | . . . 1 . . . . . . . . Parts Built . | . . . . . . . . . . . . Authchips . | . . . . . . . . . . . . Time . | . . . . . . . . . . . . Total Part Build Rating . | . . . . . . . . . . . . Parts Repaired 8 | . 3 . . . 4 . . . . 1 . Time 343 | . 78 . . . 170 . . . . 39 56 Parts Recycled . | . . . . . . . . . . . . Recycled Matter . | . . . . . . . . . . . . Retrieved Matter . | . . . . . . . . . . . . Retrieved Components 8 | . . . 4 . . . . . . 2 2 Parts Scanalyzed . | . . . . . . . . . . . . Part Schematics Acquired . | . . . . . . . . . . . . Parts Damaged . | . . . . . . . . . . . . Bothacking | -11 -10 -10 -7 -7 -5 -5 -5 -5 -4 -4 -4 ------------ Run | Yrd Mat Sub Rec Scr Fac Upp Upp War Pro Fac Arm Used RIF Installer . | . . . . . . . . . . . . Robots Hacked . | . . . . . . . . . . . . Non-combat . | . . . . . . . . . . . . Combat . | . . . . . . . . . . . . Robot Hacks Applied . | . . . . . . . . . . . . Relay Couplers Released 2 | . . . . . . . . . . 2 . Machine Destruction 2 | . . . . . . . . . . 2 . Fabnet Peak Effective % . | . . . . . . . . . . . . Robots Rewired 10 | . . . . . . . . 5 1 . 4 Allies Hacked . | . . . . . . . . . . . . Hacks Repelled . | . . . . . . . . . . . . Allies | -11 -10 -10 -7 -7 -5 -5 -5 -5 -4 -4 -4 -------- Run | Yrd Mat Sub Rec Scr Fac Upp Upp War Pro Fac Arm Total Allies 30 | . . . . . 5 . . 5 6 5 9 Largest Group 7 | . . . . . 5 . . 5 5 5 7 Highest-Rated Group 334 | . . . . . 238 . . 271 235 235 334 Highest-Rated Ally 65 | . . . . . 50 . . 65 47 47 50 Total Orders 32 | . . . . . 4 . 4 9 3 5 7 STAY 7 | . . . . . 2 . . 5 . . . FOLLOW 2 | . . . . . 2 . . . . . . EXPLORE 7 | . . . . . . . 2 3 1 . 1 RETURN 16 | . . . . . . . 2 1 2 5 6 Ally Attacks 327 | . . . . . 76 . . 39 91 67 54 Total Damage 7757 | . . . . . 1757 . . 1480 1821 1447 1252 Kills 47 | . . . . . 16 . . 9 10 8 4 Allies Corrupted 3 | . . . . . . . . . . 2 1 Allies Melted . | . . . . . . . . . . . . Intel | -11 -10 -10 -7 -7 -5 -5 -5 -5 -4 -4 -4 ------- Run | Yrd Mat Sub Rec Scr Fac Upp Upp War Pro Fac Arm Robot Analysis Total 10 | . 5 . . 5 . . . . . . . Derelict Logs Recovered 6 | . . 2 . 1 . 2 . . 1 . . Drone Launches 74 | . . . . . . . 6 3 9 11 45 Drone Recoveries 62 | . . . . . . . 6 3 6 12 35 Exploration | -11 -10 -10 -7 -7 -5 -5 -5 -5 -4 -4 -4 ------------- Run | Yrd Mat Sub Rec Scr Fac Upp Upp War Pro Fac Arm Turns Passed 20447 | 97 1667 4370 1812 5150 1292 595 686 1022 759 809 2188 Spaces Moved 10893 | 54 761 2496 668 1995 793 574 617 875 372 527 1161 Core 8 | 3 . . . 3 . . . . . . 2 Treads 5797 | 12 709 2496 668 1777 . . . . . . 135 Legs . | . . . . . . . . . . . . Wheels 5088 | 39 52 . . 215 793 574 617 875 372 527 1024 Hover . | . . . . . . . . . . . . Flight . | . . . . . . . . . . . . Fastest Speed 50 | 50 100 160 160 110 80 90 90 90 90 90 50 Average Speed 152 | 110 155 160 247 252 88 90 90 91 90 97 106 Slowest Speed 1150 | 160 160 160 250 1150 120 90 90 100 100 100 400 Overloaded Moves . | . . . . . . . . . . . . Propulsion Burnouts . | . . . . . . . . . . . . Robots Hopped 1 | . . . . . . . . . 1 . . Cave-ins Triggered . | . . . . . . . . . . . . Exploration Rate (%) 62 | 5 94 98 96 88 27 63 72 93 52 14 52 Regions Visited 11 Branch Regions 8 Pre-discovered Areas 8 | . . 1 6 . . . . . 1 . . Known Exits Taken 5 | . . . 1 1 1 . . . 1 1 . Unknown Exits Taken 6 | 1 1 1 . . . 1 1 1 . . . Scrap Searched 12 | . . . . 7 . . 4 . 1 . . Spaces Dug 34 | . 5 5 . . 10 4 1 4 1 2 2 Terrain Destroyed 257 | . 39 11 9 . 30 12 1 11 8 13 123 Melee 13 | . 5 . . . 8 . . . . . . Projectile 107 | . 1 11 . . 22 8 1 4 8 13 39 AOE 134 | . 33 . 9 . . 4 . 7 . . 81 Terrain Rammed . | . . . . . . . . . . . . Walls Destroyed . | . . . . . . . . . . . . Machines Disabled . | . . . . . . . . . . . . Actions | -11 -10 -10 -7 -7 -5 -5 -5 -5 -4 -4 -4 --------- Run | Yrd Mat Sub Rec Scr Fac Upp Upp War Pro Fac Arm Total 13741 | 73 1077 2769 763 2118 1222 616 707 1078 753 759 1806 Wait 1367 | . 168 61 24 72 249 6 26 77 322 130 232 Move 10880 | 53 760 2495 667 1994 792 573 616 874 369 526 1161 Hop 1 | . . . . . . . . . 1 . . Pick Up 163 | 5 18 17 17 14 19 2 6 11 3 8 43 Fast Attach 85 | 7 4 16 2 3 11 . 4 3 5 6 24 Attach 96 | . . 23 2 3 12 1 7 4 2 10 32 Detach 65 | . . 22 2 2 5 . 6 3 3 11 11 Swap 161 | . 25 5 5 11 27 8 9 4 5 18 44 Drop 172 | . 14 43 4 19 12 . 11 21 4 7 37 Fire 565 | 8 48 86 38 . 83 19 22 13 38 43 167 Melee 51 | . 34 . . . 10 7 . . . . . Ram 1 | . . . . . . . . . . . 1 Kick . | . . . . . . . . . . . . Crush 7 | . 6 . 1 . . . . . . . . Escape Stasis 16 | . . . . . . . . . . . 16 Rewire 88 | . . . . . 1 . . 60 1 . 26 Trap 12 | . . . . . . . . . . . 12 Miscellaneous 11 | . . 1 1 . 1 . . 8 . . . Route ------- -11/Scrapyard -10/Materials (discovered 5 exits: [*Mat x3] / [*Min] / *Sub) -10/Subcaves (discovered 3 exits: *Mat x2 / *Rec) -7/Recycling (discovered 2 exits: *Fac / *Scr) -7/Scraptown (discovered 2 exits: *Fac x2) -5/Factory (discovered 4 exits: *Fac x2 / *Upp x2) -5/Upper Caves -5/Upper Caves (discovered 2 exits: *Fac / *War) -5/Warlord -4/Proximity Caves -4/Factory (discovered 5 exits: Upp x2 / Ext x2 / *Arm) -4/Armory History --------- Turn | Location | Event 22 | -11/Scrapyard | Discovered new exit (range 15) 98 | -11/Scrapyard | Entered Materials 245 | -10/Materials | Discovered new exit (range 16) 304 | -10/Materials | Build established: Mutant 779 | -10/Materials | Discovered new exit (range 6) 1058 | -10/Materials | Repaired Lgt. Treads 1086 | -10/Materials | Repaired Seismic Detector 1114 | -10/Materials | Repaired Lgt. Treads 1121 | -10/Materials | Discovered new exit (range 7) 1388 | -10/Materials | Discovered new exit (range 3) 1430 | -10/Materials | Discovered new exit (range 16) 1613 | -10/Materials | Learned 4 Recycling zone layouts 1677 | -10/Materials | Learned Storage interactive machine intel 1765 | -10/Materials | Entered Subcaves 1766 | -10/Subcaves | Identified exit to Materials 2607 | -10/Subcaves | Learned Materials trap positions 2984 | -10/Subcaves | Learned location of Zion (-6) 3048 | -10/Subcaves | Visited Clippyterm 3053 | -10/Subcaves | Learned Factory trap positions 3053 | -10/Subcaves | Learned Factory emergency access door positions 4000 | -10/Subcaves | A swath of the cavern ceiling suddenly collapsed 4315 | -10/Subcaves | Discovered new exit (range 16) 4447 | -10/Subcaves | Build established: Scavenger-Mutant 5929 | -10/Subcaves | Found SUBCON Basin 6135 | -10/Subcaves | Entered Recycling 6136 | -7/Recycling | Identified exit to Factory 6136 | -7/Recycling | Identified exit to Scraptown 6278 | -7/Recycling | Scanned before Scraplab entrance 6313 | -7/Recycling | Entered Scraplab 6690 | -7/Recycling | Core integrity fell below 50% 6943 | -7/Recycling | Build established: Mutant 7573 | -7/Recycling | Learned location of 1 exit from Hub_04(d) 7621 | -7/Recycling | Learned location of 2 exits from Factory 7658 | -7/Recycling | Learned Factory emergency access door positions 7684 | -7/Recycling | Learned Factory terminal intel 7698 | -7/Recycling | Learned location of 1 exit from Extension 7723 | -7/Recycling | Learned Factory garrison access intel 7757 | -7/Recycling | Learned location of 1 exit from Hub_04(d) 7947 | -7/Recycling | Entered Scraptown 7950 | -7/Scraptown | System corruption cleaned by C-Scrubber 7957 | -7/Scraptown | System corruption reached 10% 7958 | -7/Scraptown | System corruption cleaned by C-Scrubber 7966 | -7/Scraptown | System corruption cleaned by C-Scrubber 7972 | -7/Scraptown | System corruption cleaned by C-Scrubber 8295 | -7/Scraptown | Heard Great Nut preacher, LISTEN AND RECITE! 8305 | -7/Scraptown | Visited Fellowship of the Rings 8347 | -7/Scraptown | Visited IN-MT5's Study 8385 | -7/Scraptown | Visited Assassins FH 8495 | -7/Scraptown | Scanned Subdweller tech in exchange for log data 8502 | -7/Scraptown | Learned location of 1 exit from Research 8650 | -7/Scraptown | Discovered exit to Factory (range 7) 8987 | -7/Scraptown | Visited Cave Peace 9007 | -7/Scraptown | Visited Red Mages 9117 | -7/Scraptown | Visited Awakened 9160 | -7/Scraptown | Visited Comm Corps 9387 | -7/Scraptown | Visited UFD Registry 9387 | -7/Scraptown | Registered with UFD as "Fluxsplitter" 9470 | -7/Scraptown | Visited Chapter 10 9520 | -7/Scraptown | Visited LU-1G1's Boring Crew 9565 | -7/Scraptown | Visited DA-N13 Charitable Foundation 9595 | -7/Scraptown | Found DCF Scrap (28 items) 9660 | -7/Scraptown | Visited Supply Room 9692 | -7/Scraptown | Visited Scrapoid Pod Storage 9732 | -7/Scraptown | Visited Analyses Database 9787 | -7/Scraptown | Visited Science Guys 10112 | -7/Scraptown | Visited Junk Repository 10172 | -7/Scraptown | Visited A0-MCA Data Center 10207 | -7/Scraptown | Visited Curators Association 10485 | -7/Scraptown | Given a C- rating by A0-MCA 10492 | -7/Scraptown | Found A0-MCA's Component Scanner 11412 | -7/Scraptown | Found Scrapoid Pod 11735 | -7/Scraptown | Found Scrap Suit 13010 | -7/Scraptown | Discovered exit to Factory (range 5) 13097 | -7/Scraptown | Entered Factory 13097 | -5/Factory | Evolved 10 slots: Power x1, Propulsion x2, Utility x6, Weapon x1 13098 | -5/Factory | Identified exit to Upper Caves 13098 | -5/Factory | Identified exit to Factory 13099 | -5/Factory | Loaded intel: 86 trap records 13101 | -5/Factory | Loaded intel: 25 terminal locations 13102 | -5/Factory | Loaded intel: 4 garrison access locations 13194 | -5/Factory | Scrapoid reinforcements arrived 13209 | -5/Factory | Found Scrap Suit 13400 | -5/Factory | Repaired Transmission Jammer 13445 | -5/Factory | Repaired Hrd. Heavy Armor Plating 13499 | -5/Factory | Repaired Angular Momentum Engine 13520 | -5/Factory | Build established: Derelict-Scrapper 13532 | -5/Factory | Repaired Multitool 13923 | -5/Factory | Cargo convoy interrupted 13982 | -5/Factory | System corruption reached 10% 13988 | -5/Factory | Lost 3 allies 14097 | -5/Factory | Discovered exit to Factory (range 22) 14118 | -5/Factory | Spotted B-75 Beast 14140 | -5/Factory | Destroyed B-75 Beast 14333 | -5/Factory | Build established: Scavenger-Scrapper 14389 | -5/Factory | Entered Upper Caves 14432 | -5/Upper Caves | Encountered a Warlord checkpoint 14504 | -5/Upper Caves | Spotted B-75 Beast 14512 | -5/Upper Caves | Learned Factory terminal intel 14629 | -5/Upper Caves | Learned Factory garrison access intel 14963 | -5/Upper Caves | Discovered new exit (range 7) 14984 | -5/Upper Caves | Entered another Upper Caves area 14996 | -5/Upper Caves | Discovered exit to Factory (range 9) 15146 | -5/Upper Caves | Attracted the attention of an 0b10 checkpoint 15468 | -5/Upper Caves | Encountered a Warlord checkpoint 15503 | -5/Upper Caves | Discovered new exit (range 10) 15601 | -5/Upper Caves | Attacked by a delusional Derelict stockpiling parts 15670 | -5/Upper Caves | Entered Warlord 15703 | -5/Warlord | System corruption cleaned by Quarantine Array 15772 | -5/Warlord | Found Minesniffer Drone Bay 16185 | -5/Warlord | Rebuked by Warlord 16201 | -5/Warlord | Warlord's base attacked by MAIN.C 16216 | -5/Warlord | Found Vortex Chain Reactor 16224 | -5/Warlord | Found Ghost Barrier 16227 | -5/Warlord | Found Exp. Target Analyzer 16229 | -5/Warlord | Found Thermal Barrier 16296 | -5/Warlord | Found Plasma Storm 16542 | -5/Warlord | Spotted Executioner 16543 | -5/Warlord | Spotted Striker 16551 | -5/Warlord | Warlord forces counterattacked 16552 | -5/Warlord | Destroyed Executioner 16576 | -5/Warlord | Lost 5 allies 16594 | -5/Warlord | Found Corrupted Exp. Core Analyzer 16616 | -5/Warlord | Spotted Executioner 16640 | -5/Warlord | Found Corrupted Exp. Core Analyzer 16663 | -5/Warlord | Discovered new exit (range 14) 16692 | -5/Warlord | Entered Proximity Caves 16725 | -4/Proximity Caves | Scrapoid Pod released 04P10-D (x5) 16735 | -4/Proximity Caves | P-70 Sage assimilated allied 3D-6CW(i) 16844 | -4/Proximity Caves | Build established: Scrapper 16908 | -4/Proximity Caves | Received a Behemoth hack from an annoying Tinkerer 17118 | -4/Proximity Caves | Attracted the attention of an 0b10 outpost 17168 | -4/Proximity Caves | Found Scrap Suit 17245 | -4/Proximity Caves | Attracted the attention of an 0b10 checkpoint 17381 | -4/Proximity Caves | Build established: Scavenger-Scrapper 17420 | -4/Proximity Caves | Discovered exit to Factory (range 6) 17451 | -4/Proximity Caves | Entered Factory 17451 | -4/Factory | Accompanied by 4 allies 17451 | -4/Factory | Evolved 2 slots: Weapon x2 17453 | -4/Factory | Loaded intel: 28 terminal locations 17454 | -4/Factory | Loaded intel: 4 garrison access locations 17495 | -4/Factory | Spotted B-86 Titan 17509 | -4/Factory | Destroyed B-86 Titan 17595 | -4/Factory | Repaired Corrupted Imp. Coolant Injector 17944 | -4/Factory | Scrapoid reinforcements arrived 18055 | -4/Factory | Identified exit to Upper Caves 18055 | -4/Factory | Identified exit to Extension 18055 | -4/Factory | Identified exit to Armory 18118 | -4/Factory | Build established: Hacker-Scrapper 18201 | -4/Factory | First assault squad dispatched 18247 | -4/Factory | Destroyed 10 combat bots 18260 | -4/Factory | Entered Armory 18604 | -4/Armory | Build established: Scavenger-Scrapper 18725 | -4/Armory | System corruption reached 10% 18918 | -4/Armory | Scrapoid reinforcements arrived 18923 | -4/Armory | Found Scrap Suit 19195 | -4/Armory | Lost 4 allies 19250 | -4/Armory | Lost 4 parts (2p1u1w) 19252 | -4/Armory | Destroyed 11 combat bots 19280 | -4/Armory | Found Corrupted Scrap Suit 19357 | -4/Armory | Lost 3 parts (1p2w) 19364 | -4/Armory | Spotted B-86 Titan 19415 | -4/Armory | Destroyed B-86 Titan 19554 | -4/Armory | System corruption reached 30% 19844 | -4/Armory | Core integrity fell below 50% 19929 | -4/Armory | Lost 15 parts (2p3n3u7w) 20010 | -4/Armory | First assault squad dispatched 20054 | -4/Armory | Build established: Scavenger-Gunner 20218 | -4/Armory | Lost 3 parts (1u2w) 20302 | -4/Armory | High security lockdown imminent 20330 | -4/Armory | Destroyed 10 combat bots 20382 | -4/Armory | High security lockdown engaged 20431 | -4/Armory | Core integrity fell below 20% 20447 | -4/Armory | Released all parts (14) 20448 | -4/Armory | Destroyed by S-27 Virus with Autogun Last Messages --------------- 20447_ Released A0-MCA's Component Scanner. 20447_ Released Hcp. Storage Unit. 20447_ Adv. Force Field crushed and broken. 20447_ Adv. Cooling System crushed and broken. 20447_ Matter Compressor crushed and broken. 20447_ Hvy. Rocket Launcher crushed and broken. 20447_ Mak. Ablative Armor crushed and broken. 20447_ KE Penetrator crushed and broken. 20447_ Exp. Target Analyzer crushed and broken. 20447_ Released Ghost Barrier. 20447_ Released Adv. Cooling System. 20447_ Adv. Cooling System crushed and broken. 20447_ Released Phase Gun. 20447_ Phase Gun crushed and broken. 20447_ Released Lgt. Quantum Reactor. 20447_ Lgt. Quantum Reactor crushed and broken. 20447_ Released Field Laser. 20447_ Field Laser crushed and broken. 20447_ >> Lost connection to Minesniffer Drone. 20448_ Acquired 81 matter. Map ----- +----------------------------------------------------+ | | | | | | | | | | | | | | | | | | | | | | | | | ?????????????????????????????????????????????????? | | ?????????????????????????????????????????????????? | | ?????????????????????????????????????????????????? | | ?????????????????????????????????????????????????? | | ?????????????????????????????????????????????????? | | ?????????????????????????????????????????????????? | | ?????????????????????????????????????????????????? | | ?????????????????????????????????????????????????? | | ??????????????????????????##?????????????????????? | | ???????????###############;#?????????????????????? | | ???????????# i!#??????????????????????? | | ???????????# ]]]|%#??????????????????????? | | ???????????# %]Hssl######################## | | ???????????# ]]]x@/n!nng!*b | | ?????????# + s sgx######## ######## | | ?????????# # %*#??????# #?????## | | ???????????########+##############+##+###???# | | ????????????????? ?# % ###### | | ????????????????# ??# """"" """"" / =% | | ????????????????# ???# """"" """"" #! %* | | ????????????????#????? * """"" """"" # % | | ????????????????????????? "%""%" # | | ???????????????????????? " "" # | | ??????????????????????? "%" # # ## | | ?????????????????????? ] " #!!! ### | | ???????????????????????#+################!! ## | | ????????????????????????????????????????#!! ##### | | ????????????????????????????????????????######???? | | ?????????????????????????????????????????????????? | | ?????????????????????????????????????????????????? | | ?????????????????????????????????????????????????? | | ?????????????????????????????????????????????????? | | ?????????????????????????????????????????????????? | | ?????????????????????????????????????????????????? | | ?????????????????????????????????????????????????? | | ?????????????????????????????????????????????????? | | ?????????????????????????????????????????????????? | | ?????????????????????????????????????????????????? | +----------------------------------------------------+ Best States ------------- Heat Dissipation 105 Coolant Potential 100 Energy Generation 55 Energy Capacity 700 Matter Stores 300 Matter Capacity 300 Sight Range 23 Terrain Scan Density 10 Jamming Range 16 Additional Mass Support 12 Armor Coverage 800 Evasion (%) 44 Recoil Reduction 4 Particle Charging 25 Salvage Targeting 4 Offensive Hacking 12 Defensive Hacking 30 Item Schematics ----------------- Adv. Cooling System | -7/Recycling | Hacked Robot Schematics ------------------ B-48 Gladiator | -7/Recycling | Hacked Fabricated ------------ Nothing Alien Tech Used ----------------- None Achievements -------------- None Challenges ------------ None Game ------ Seed MiningFortressThermoblaster Manual? 0 Play Time 02:54:23 Cumulative 580.2 hours Start 2024.08.02 @ 20:35:15 End 2024.08.02 @ 23:32:09 Sessions 1 Manual Loads 0 Difficulty Rogue Special Mode None Game No. 203 Rogue 187 Adventurer 15 Explorer 1 Win Type - Total 36 Types 10/3/10/2/2/0/5/3/1 Lore% 90 Gallery% 92 Achievement% 83 Wizard Run 0 Options --------- Layout 0 ASCII 0 Keyboard 0 Movement Numpad Keybinds 0 Fullscreen 1 Font 18/SmallcapsGlow Map View 76x50 Zoom Use 0% Tactical HUD 1 Map Filters NONE Filters NONE Steam 1 RUN: 7bbd752a-c0ad-4f99-9db3-8c84292c73a3